 Dungeon Crawl Stone Soup version 0.29-a0-557-g43b9904bd1 (webtiles) character file.

Game seed: 4077513369011922353

7 spaghetti the Thrower (level 2, -1/28 HPs)
             Began as a Gnoll Wanderer on June 8, 2022.
             Frozen to death by an endoplasm (5 damage)
             ... on level 1 of the Dungeon.
             The game lasted 00:00:24 (170 turns).

spaghetti the Thrower (Gnoll Wanderer)               Turns: 170, Time: 00:00:24

Health: -1/28      AC:  8    Str: 11    XL:     2   Next: 4%
Magic:  2/2        EV: 11    Int:  8    God:
Gold:   19         SH:  0    Dex: 14    Spells: 1/1 levels left

rFire   . . .      SeeInvis .   a - +2 dagger {short}
rCold   . . .      Faith    .   (no shield)
rNeg    . . .      Spirit   .   f - +0 leather armour
rPois   .          Reflect  .   d - +0 helmet
rElec   .          Harm     .   (no cloak)
rCorr   .          Rampage  .   (no gloves)
Will    .....                   (no boots)
Stlth   ..........              (no amulet)
HPRegen 0.09/turn               h - +4 ring of protection
MPRegen 0.08/turn               (no ring)

@: berserking, very quick
A: fangs 1, strong nose, distributed training
a: no special abilities


You were on level 1 of the Dungeon.
You visited 1 branch of the dungeon, and saw 1 of its levels.

You collected 19 gold pieces.


Innate Abilities, Weirdness & Mutations

You have very sharp teeth.
Your uncanny sense of smell can sniff out nearby items.
Your experience applies equally to all skills.


   Skills:
 + Level 0.2 Fighting
 + Level 2.4 Short Blades
 + Level 0.2 Long Blades
 + Level 0.2 Axes
 + Level 0.2 Maces & Flails
 + Level 0.2 Polearms
 + Level 0.2 Staves
 + Level 0.2 Slings
 + Level 0.2 Bows
 + Level 0.2 Crossbows
 + Level 10.4 Throwing
 + Level 0.2 Armour
 + Level 0.2 Dodging
 + Level 5.9 Stealth
 + Level 0.2 Shields
 + Level 0.2 Unarmed Combat
 + Level 0.2 Spellcasting
 + Level 0.1 Conjurations
 + Level 0.1 Hexes
 + Level 0.1 Summonings
 + Level 0.1 Necromancy
 + Level 0.1 Translocations
 + Level 0.1 Transmutations
 + Level 0.1 Fire Magic
 + Level 0.1 Ice Magic
 + Level 0.1 Air Magic
 + Level 0.1 Earth Magic
 + Level 0.1 Poison Magic
 + Level 0.3 Invocations
 + Level 2.4 Evocations


You had one spell level left.
You didn't know any spells.
Your spell library was empty.

Inventory:

Hand Weapons
 a - a +2 dagger (weapon) {short}
 c - a +0 short sword {short}
Missiles
 b - 4 curare-tipped darts (quivered) {=fthrowing}
 i - 2 boomerangs {throwing}
Armour
 d - a +0 helmet (worn)
 f - a +0 leather armour (worn)
Jewellery
 h - a +4 ring of protection (left hand)
   (You found it on level 1 of the Dungeon)
Scrolls
 g - a scroll of identify {unknown}

Dungeon Overview and Level Annotations

Branches:
Dungeon (1/15)

Altars:

#.#.# # ### #.#.# .
#.. ..^.#.#
#.#####...#.#
#.#.........#
###.##.##...##..
#.......#...# .
##...#####)..##....
#........#.@.......
#....###.#).J....#.
#....# #.#...?...#
#....# #.#.......w.
#.#### #.#.......##
#. #.#......... #.
#.#......... #.
#.#.....!... #.
#.#...#


You could see a dart slug and an endoplasm.


Message History

No target in view!
No target in view!
h - a +4 ring of protection
h - a +4 ring of protection (left hand)
Found an escape hatch in the floor.
Things that are here:
a +0 club {mace}; a goblin corpse Key pressed, stopping explore.
Key pressed, stopping explore.
You now have 19 gold pieces (gained 11).
i - 2 boomerangs {throwing} A dart slug comes into view.
A goblin comes into view. It is wielding a +0 dagger.
The goblin shouts!
An endoplasm comes into view.
The endoplasm quivers.
You hit the goblin.
The goblin hits you with a +0 dagger. 😕 HP[-1]
You take 1 damage, and now have 12/13 hp.
You are too injured to fight recklessly!
You are too injured to fight recklessly!
You are too injured to fight recklessly!
You are too injured to fight recklessly!
You are too injured to fight recklessly!
You are too injured to fight recklessly!
You are too injured to fight recklessly!
You are too injured to fight recklessly!
You are too injured to fight recklessly!
You are too injured to fight recklessly!
You are too injured to fight recklessly!
You are too injured to fight recklessly!
You are too injured to fight recklessly!
You are too injured to fight recklessly!
You are too injured to fight recklessly!
You hit the goblin.
You kill the goblin!
A goblin comes into view. It is wielding a +0 club.
You see here a +0 dagger {short}.
You are too injured to fight recklessly!
The dart slug misses you. The endoplasm closely misses you.
The goblin shouts!
You hit the dart slug. The dart slug launches a dart at you.
The slug dart misses you.
You hit the dart slug. The endoplasm hits you. 😕 HP[-1]
You take 1 damage, and now have 11/13 hp.
You hit the dart slug. The endoplasm freezes you.
You are frozen.
* * * LOW HITPOINT WARNING * * *
The dart slug launches a dart at you.
The slug dart hits you but does no damage. 😨 HP[-5]
You take 5 damage, and now have 6/13 hp.
MASSIVE DAMAGE!! (PAUSE)
You hit the dart slug. The endoplasm closely misses you.
The dart slug bites you but does no damage.
You hit the dart slug.
You kill the dart slug!
The goblin hits you but does no damage. The endoplasm barely misses you.
You have reached level 2! 😨 HP[+3] MP[+1]
You now have 19 max hp (+6).
You regained 3 hp, and now have 9/19 hp.
Your mp is fully restored (2).
You hit the goblin but do no damage.
A dart slug comes into view.
The goblin hits you but does no damage. The endoplasm freezes you.
You are frozen.
* * * LOW HITPOINT WARNING * * *
😨 HP[-3]
You take 3 damage, and now have 6/19 hp.
You barely miss the goblin. The goblin hits you but does no damage.
The endoplasm barely misses you.
Unknown command.
You hit the goblin.
You kill the goblin!
The endoplasm freezes you.
You are frozen.
* * * LOW HITPOINT WARNING * * *
😱 HP[-4]
You take 4 damage, and now have 2/19 hp.
MASSIVE DAMAGE!! (PAUSE)
Okay, then.
Really quaff
e - a potion of berserk rage {!q}?
A red film seems to cover your vision as you go berserk!
You feel yourself moving faster!
You feel mighty! The dart slug launches a dart at you.
The slug dart hits you but does no damage.
The endoplasm closely misses you. 😱 HP[+2]
You now have 28 max hp (+9).
You regained 2 hp, and now have 4/28 hp.
You barely miss the endoplasm. You hit the endoplasm.
The endoplasm freezes you.
You are frozen.
You die...

Skill      XL: | |
---------------+-+-----
Throwing       | | 10.4
Fighting       | |  0.2
Short Blades   | |  2.4
Long Blades    | |  0.2
Axes           | |  0.2
Maces & Flails | |  0.2
Polearms       | |  0.2
Staves         | |  0.2
Slings         | |  0.2
Bows           | |  0.2
Crossbows      | |  0.2
Armour         | |  0.2
Dodging        | |  0.2
Stealth        | |  5.9
Shields        | |  0.2
Unarmed Combat | |  0.2
Spellcasting   | |  0.2
Conjurations   | |  0.1
Hexes          | |  0.1
Summonings     | |  0.1
Necromancy     | |  0.1
Translocations | |  0.1
Transmutations | |  0.1
Fire Magic     | |  0.1
Ice Magic      | |  0.1
Air Magic      | |  0.1
Earth Magic    | |  0.1
Poison Magic   | |  0.1
Invocations    | |  0.3
Evocations     | |  2.4

Action                   || total
-------------------------++-------
Melee: Dagger            ||    14
  Use: Potion            ||     1
 Stab: Sleeping          ||     2
Armor: Leather armour    ||     6
Dodge: Dodged            ||     7

Levels and vault maps discovered:
D:1:      matt_arrival_diagonals, layout_basic, basic_ecumenical_altar,
          minmay_misc_feat_ornament

Notes
Turn   | Place    | Note
-------+----------+-------------------------------------------
     0 | D:1      | Reached skill level 10 in Throwing
     0 | D:1      | spaghetti the Gnoll Wanderer began the quest for the Orb.
     0 | D:1      | spaghetti set off with the following items: a +2 dagger
                  | {short}, 4 curare-tipped darts {=fthrowing}, a +0 short
                  | sword {short}, a +0 helmet, a potion of berserk rage {!q},
                  | a +0 leather armour
     0 | D:1      | Reached XP level 1. HP: 13/13 MP: 1/1
     0 | D:1      | magus.rc [v1.9.6]
   165 | D:1      | Reached XP level 2. HP: 9/19 MP: 2/2
   167 | D:1      | HP: 2/19 [frozen (4)]
   170 | D:1      | Frozen to death by an endoplasm

Vanquished Creatures
  A dart slug (D:1)
  An endoplasm (D:1)
  3 goblins (D:1)
5 creatures vanquished.

Table legend:
 A = Non-vault XP
 B = Vault XP
 C = Vault XP percentage of total XP
 D = Non-vault monster count
 E = Vault monster count
 F = Vault count percentage of total count
                 A         B        C        D         E       F
            +---------+---------+-------+---------+---------+-------
      Total |      11 |       0 |   0.0 |       5 |       0 |   0.0
            +---------+---------+-------+---------+---------+-------
        D:1 |      11 |       0 |   0.0 |       5 |       0 |   0.0
            +---------+---------+-------+---------+---------+-------

Illustrated notes

Table legend:
 A = Kills in this place as a percentage of kills in entire the game.
 B = Kills by you in this place as a percentage of kills by you in the entire game.
 C = Kills by friends in this place as a percentage of kills by friends in the entire game.
 D = Other kills in this place as a percentage of other kills in the entire game.
 E = Experience gained in this place as a percentage of experience gained in the entire game.
 F = Experience gained in this place divided by the number of levels of this place that you have seen.
                   A       B       C       D       E      F
               +-------+-------+-------+-------+-------+----------------------
         Total | 100.0 | 100.0 |   N/A |   N/A | 100.0 |  11.0
       Dungeon | 100.0 | 100.0 |   N/A |   N/A | 100.0 |  11.0
               +-------+-------+-------+-------+-------+----------------------

Table legend: (Time is in decaauts)
 A = Elapsed time spent in this place.
 B = Non-inter-level travel time spent in this place.
 C = Inter-level travel time spent in this place.
 D = Time resting spent in this place.
 E = Time spent auto-exploring this place.
 F = Levels seen in this place.
 G = Mean time per level.
                   A        B        C        D        E       F      G
               +--------+--------+--------+--------+--------+-----+--------+
         Total |    167 |    167 |      0 |      0 |    133 |   1 |  167.0 |
       Dungeon |    167 |    167 |      0 |      0 |    133 |   1 |  167.0 |
               +--------+--------+--------+--------+--------+-----+--------+

Top non-repeatable levels by time:
     D:1: 167 daAuts
